 Dungeon Crawl Stone Soup version 0.24.0-37-gcf1ca852f1 (webtiles) character file.

Game seed: 8993903135615023856, levelgen mode: deterministic

535752 roguesci the Slayer (level 26, -22/306 HPs)
             Began as a Gargoyle Fighter on Nov 18, 2019.
             Was a High Priest of Trog.
             Killed by a guardian mummy's death curse (23 damage)
             ... on level 3 of the Tomb of the Ancients on Nov 21, 2019.
             The game lasted 04:15:53 (70800 turns).

roguesci the Slayer (Gargoyle Fighter)             Turns: 70800, Time: 04:15:54

Health: -22/306    AC: 65    Str: 49      XL:     26   Next: 37%
Magic:  23/23      EV:  9    Int: 10 (14) God:    Trog [*****.]
Gold:   4035       SH: 13    Dex:  7 (9)  Spells: 25/25 levels left

rFire    + + .     SeeInvis .   u - +8 demon whip (elec)
rCold    . . .     Gourm    .   O - +3 warlock's mirror {reflect}
rNeg     + + .     Faith    .   l - +11 gold dragon scales
rPois    ∞         Spirit   .   W - +0 helmet {Int+3}
rElec    +         Reflect  +   s - scarf {repulsion}
rCorr    .         Harm     .   I - +1 pair of gloves {Str+3}
MR       +++..                  R - +2 pair of boots {run}
Stlth    ..........             A - amulet of the Empire {Reflect rPois rC- MR++ Int+3 SH+2}
HPRegen  0.61/turn              X - ring of protection from fire
MPRegen  0.18/turn              d - ring "Kietiy Ziuf" {+Blink rN+ Str+4}

@: mighty, berserking (expiring), flying, slowed, repel missiles, quick
A: big wings, claws 1, negative energy resistance 1, robust 1, electricity
resistance, strong 2, unbreathing, evolution 2, petrification resistance, rot
immunity, MP-powered wands, AC +20
}: 2/15 runes: barnacled, silver
a: Stop Flying, Berserk, Trog's Hand, Brothers in Arms, Renounce Religion, Evoke
Blink


You were on level 3 of the Tomb of the Ancients.
You worshipped Trog.
Trog was extremely pleased with you.
You were not hungry.

You visited 10 branches of the dungeon, and saw 44 of its levels.
You visited the Abyss 2 times.

You collected 9547 gold pieces.
You spent 5512 gold pieces at shops.

Inventory:

Hand Weapons
 k - a +5 demon whip of flaming
 p - the +12 Vampire's Tooth {vamp}
   (You found it on level 1 of the Crypt)

   It inflicts no extra harm, but heals its wielder when it wounds a living foe.
 u - a +8 demon whip of electrocution (weapon)
 N - a +5 sacred scourge of holy wrath
 Z - the +10 falchion "Xinit" {speed, +Fly rN++ MR- Int+2}
   (You bought it in a shop on level 2 of the Orcish Mines)

   Attacks with this weapon are significantly faster.
   It affects your intelligence (+2).
   It greatly protects you from negative energy.
   It affects your resistance to hostile enchantments.
   It lets you fly.
Armour
 h - the cursed -3 large shield of Entitlement {rF+ rN+ Int+2}
   (You took it off Mennas on level 1 of the Tomb of the Ancients)

   It affects your intelligence (+2).
   It protects you from fire.
   It protects you from negative energy.
   It has a curse placed upon it.
 l - +11 gold dragon scales (worn)
 s - a scarf of repulsion (worn)
 I - a +1 pair of gloves of strength (worn)
 M - a +2 cloak of magic resistance
 O - the +3 warlock's mirror (worn) {reflect}
   (You took it off a vampire knight on level 2 of the Depths)
 R - a +2 pair of boots of running (worn)
 W - a +0 helmet of intelligence (worn)
Jewellery
 c - an uncursed ring of protection from fire
 d - the ring "Kietiy Ziuf" (right hand) {+Blink rN+ Str+4}
   (You found it on level 3 of the Crypt)

   [ring of positive energy]

   It affects your strength (+4).
   It protects you from negative energy.
   It lets you blink.
 e - the ring "Ronn" {rC+ Dex+3 Stlth+}
   (You found it on level 15 of the Dungeon)

   [ring of stealth]

   It affects your dexterity (+3).
   It protects you from cold.
   It makes you more stealthy.
 j - an uncursed ring of resist corrosion
 m - a +6 ring of protection
 A - the amulet of the Empire (around neck) {Reflect rPois rC- MR++ Int+3 SH+2}
   (You acquired it on level 1 of the Tomb of the Ancients)

   [amulet of reflection]

   It shields you and reflects attacks.
   It affects your intelligence (+3).
   It makes you vulnerable to cold.
   It protects you from poison.
   It affects your resistance to hostile enchantments.
   It affects your SH (+2).
 H - an uncursed amulet of regeneration
 K - the ring of Cowardice {rElec rN+ Int+3}
   (You found it on level 3 of the Crypt)

   [ring of positive energy]

   It affects your intelligence (+3).
   It insulates you from electricity.
   It protects you from negative energy.
 T - an uncursed ring of protection from cold
 U - the ring of Shadows {Umbra +Inv Stlth+}
   (You found it on level 3 of the Crypt)

   [ring of stealth]

   It lets you turn invisible.
   It makes you more stealthy.
 V - an uncursed ring of positive energy
 X - a ring of protection from fire (left hand)
Wands
 y - a wand of scattershot (13)
 D - a wand of acid (13)
 F - a wand of digging (15)
Scrolls
 a - 3 scrolls of vulnerability
 g - 15 scrolls of remove curse
 o - 4 scrolls of fear
 q - 3 scrolls of brand weapon
 v - 10 scrolls of teleportation
 w - 11 scrolls of immolation
 z - 2 scrolls of identify
 G - 3 scrolls of fog
 L - a scroll of holy word
 P - a scroll of silence
 Q - 3 scrolls of magic mapping
 Y - 5 scrolls of summoning
Potions
 i - 7 potions of brilliance
 n - 2 potions of curing
 x - 7 potions of magic
 B - 7 potions of haste
 C - 8 potions of mutation
 E - 4 potions of cancellation
Comestibles
 f - 39 rations


   Skills:
 * Level 24.6 Fighting
 - Level 8.2 Long Blades
 * Level 23.9 Maces & Flails
 * Level 23.8 Armour
 + Level 19.5 Shields


You had 25 spell levels left.
You didn't know any spells.
Your spell library contained the following spells:

 Spells                   Type           Power        Failure   Level  Hunger
 Animate Skeleton         Necr           N/A          78%         1    ##.....
 Apportation              Tloc           #.....       78%         1    ##.....
 Beastly Appendage        Tmut           #.....       78%         1    ##.....
 Confusing Touch          Hex            #.....       78%         1    ##.....
 Corona                   Hex            #......      78%         1    ##.....
 Flame Tongue             Conj/Fire      #....        78%         1    ##.....
 Freeze                   Ice            #...         78%         1    ##.....
 Pain                     Necr           #...         78%         1    ##.....
 Sandblast                Erth           #.....       78%         1    ##.....
 Shock                    Conj/Air       #...         78%         1    ##.....
 Summon Butterflies       Summ           #.......     78%         1    ##.....
 Summon Small Mammal      Summ           #...         78%         1    ##.....
 Call Imp                 Summ           #.......     89%         2    ###....
 Corpse Rot               Necr           N/A          89%         2    ###....
 Ensorcelled Hibernation  Hex/Ice        #.....       89%         2    ###....
 Passwall                 Tmut/Erth      #.......     89%         2    ###....
 Shroud of Golubria       Chrm/Tloc      #.....       89%         2    ###....
 Slow                     Hex            #.......     89%         2    ###....
 Sticks to Snakes         Tmut           #.......     89%         2    ###....
 Swiftness                Chrm/Air       #.......     89%         2    ###....
 Throw Flame              Conj/Fire      #.....       89%         2    ###....
 Throw Frost              Conj/Ice       #.....       89%         2    ###....
 Call Canine Familiar     Summ           #.......     98%         3    ####...
 Confuse                  Hex            #.......     98%         3    ####...
 Conjure Flame            Conj/Fire      #.......     98%         3    ####...
 Dazzling Spray           Conj/Hex       #.....       98%         3    ####...
 Gell's Gravitas          Tloc           #.........   98%         3    ####...
 Ignite Poison            Fire/Tmut/Pois #.......     98%         3    ####...
 Inner Flame              Hex/Fire       #.......     98%         3    ####...
 Lesser Beckoning         Tloc           #.........   98%         3    ####...
 Ozocubu's Armour         Chrm/Ice       #.......     98%         3    ####...
 Portal Projectile        Hex/Tloc       #.....       98%         3    ####...
 Recall                   Summ/Tloc      N/A          98%         3    ####...
 Regeneration             Chrm/Necr      #.........   98%         3    ####...
 Spider Form              Tmut/Pois      #.........   98%         3    ####...
 Static Discharge         Conj/Air       #.......     98%         3    ####...
 Stone Arrow              Conj/Erth      #.....       98%         3    ####...
 Summon Guardian Golem    Hex/Summ       #.......     98%         3    ####...
 Tukima's Dance           Hex            #.......     98%         3    ####...
 Vampiric Draining        Necr           #.........   98%         3    ####...
 Airstrike                Air            #.........   100%        4    #####..
 Animate Dead             Necr           N/A          100%        4    #####..
 Cause Fear               Hex            #.........   100%        4    #####..
 Force Lance              Conj/Tloc      #.......     100%        4    #####..
 Ice Form                 Ice/Tmut       #.......     100%        4    #####..
 Leda's Liquefaction      Hex/Erth       #.........   100%        4    #####..
 Passage of Golubria      Tloc           N/A          100%        4    #####..
 Petrify                  Tmut/Erth      #.......     100%        4    #####..
 Sticky Flame             Conj/Fire      #.......     100%        4    #####..
 Summon Ice Beast         Ice/Summ       #.......     100%        4    #####..
 Summon Lightning Spire   Summ/Air       #.......     100%        4    #####..
 Throw Icicle             Conj/Ice       #.......     100%        4    #####..
 Agony                    Necr           #.......     100%        5    ######.
 Alistair's Intoxication  Tmut/Pois      #.......     100%        5    ######.
 Blade Hands              Tmut           #.........   100%        5    ######.
 Bolt of Draining         Conj/Necr      #.........   100%        5    ######.
 Bolt of Magma            Conj/Fire/Erth #.........   100%        5    ######.
 Borgnjor's Vile Clutch   Necr/Erth      #.........   100%        5    ######.
 Dispel Undead            Necr           #.......     100%        5    ######.
 Excruciating Wounds      Chrm/Necr      #.........   100%        5    ######.
 Fireball                 Conj/Fire      #.........   100%        5    ######.
 Irradiate                Conj/Tmut      #.........   100%        5    ######.
 Lee's Rapid Deconstruct  Erth           #.........   100%        5    ######.
 Lightning Bolt           Conj/Air       #.........   100%        5    ######.
 Metabolic Englaciation   Hex/Ice        #.........   100%        5    ######.
 Silence                  Hex/Air        #.........   100%        5    ######.
 Summon Demon             Summ           #.........   100%        5    ######.
 Summon Mana Viper        Hex/Summ       #.......     100%        5    ######.
 Yara's Violent Unravell  Hex/Tmut       #.........   100%        5    ######.
 Bolt of Cold             Conj/Ice       #.........   100%        6    #######
 Darkness                 Hex            #.........   100%        6    #######
 Deflect Missiles         Chrm/Air       #.........   100%        6    #######
 Dispersal                Tloc           #.........   100%        6    #######
 Freezing Cloud           Conj/Ice/Air   #.........   100%        6    #######
 Hydra Form               Tmut           #.........   100%        6    #######
 Invisibility             Hex            #.......     100%        6    #######
 Iron Shot                Conj/Erth      #.........   100%        6    #######
 Ozocubu's Refrigeration  Ice            #.........   100%        6    #######
 Shadow Creatures         Summ           N/A          100%        6    #######
 Simulacrum               Ice/Necr       #.........   100%        6    #######
 Dragon Form              Tmut           #.........   100%        7    #######
 Haunt                    Necr/Summ      #.........   100%        7    #######
 Spellforged Servitor     Conj/Summ      #.........   100%        7    #######
 Summon Hydra             Summ           #.........   100%        7    #######
 Borgnjor's Revivificati  Necr           #.........   100%        8    #######
 Controlled Blink         Tloc           N/A          100%        8    #######
 Death's Door             Chrm/Necr      #.........   100%        8    #######
 Discord                  Hex            #.........   100%        8    #######
 Disjunction              Tloc           #.........   100%        8    #######
 Ignition                 Fire           #.........   100%        8    #######
 Infestation              Necr           #.........   100%        8    #######
 Necromutation            Tmut/Necr      #.........   100%        8    #######
 Shatter                  Erth           #.........   100%        9    #######
 Tornado                  Air            #.........   100%        9    #######
 Sublimation of Blood     Necr           Unusable     N/A         2    N/A
 Statue Form              Tmut/Erth      Unusable     N/A         6    N/A

Dungeon Overview and Level Annotations

Branches:
Dungeon (15/15)            Temple (1/1) D:4            Lair (6/6) D:11
 Shoals (4/4) Lair:4        Snake (0/4) Lair:4        Slime (0/5) Lair:5
    Orc (2/2) D:10            Elf (3/3) Orc:2        Vaults (5/5) D:14
  Crypt (3/3) Vaults:3       Tomb (3/3) Crypt:3      Depths (2/5) D:15

Altars:
Ashenzari
Cheibriados
Dithmenos
Elyvilon
Fedhas
Gozag
Hepliaklqana
Kikubaaqudgha
Makhleb
Nemelex Xobeh
Okawaru
Qazlal
Ru
Sif Muna
Trog
Uskayaw
Vehumet
Wu Jian
Xom
Yredelemnul
Zin
The Shining One
Beogh

Shops:
D:4 %   Orc:1 (   Orc:2 *([*=   Vaults:2 (   Vaults:3 (   Vaults:4 (
Vaults:5 [   Depths:2 !*[!%

Portals:
Hell: Depths:1 Depths:2
Pandemonium: Depths:1 Depths:2
Trove: Vaults:4 (give 8 potions of haste)

Annotations:
D:6 1 runed translucent door, EmberCloud's ghost, novice DsBe
Lair:5 exclusion: 2 oklob plants


Innate Abilities, Weirdness & Mutations

You are resistant to torment.
Your stone body is resilient. (AC +20)
You are immune to poison.
Your large and strong wings let you fly indefinitely.
You resist negative energy. (rN+)
You are resistant to electric shocks. (rElec)
You can survive without breathing.
You are immune to petrification.
You are immune to rotting.
You have sharp fingernails.
You are robust. (+10% HP)
Your muscles are very strong. (Str +4)
You rapidly evolve.
You expend magic power (3 MP) to strengthen your wands.


Message History

The jiangshi is almost destroyed.
The fiery explosion engulfs the ushabti!
The ushabti resists.
The ushabti is almost destroyed.
Trog accepts your kill.
The titan simulacrum disappears in a puff of smoke!
The jiangshi disappears in a puff of smoke!
The manticore skeleton disappears in a puff of smoke!
The wraith disappears in a puff of smoke!
The ice dragon zombie disappears in a puff of smoke!
The jiangshi disappears in a puff of smoke!
You feel your dexterity returning. Trog accepts your kill.
You feel extremely nervous for a moment...
You hear strange and distant voices.
You feel extremely nervous for a moment...
You feel a surge of unholy energy.
You feel extremely nervous for a moment...
You convulse helplessly as pain tears through your body!
You die...

#§§§...#
§§§§§..+
#§§§z.§#
#§§§§§.#
#§8§§§§#
#z§§§§§#
#bb§§.§#
#@b§§§.#
########


You could see 3 bennus, an ancient champion (inner flame), a skeletal warrior
(inner flame) and an ushabti.

Vanquished Creatures
  3 ancient liches
  Mennas (Tomb:1)
  3 greater mummies (Tomb:1)
  Frederick (Tomb:1)
  Xtahua (Crypt:3)
  Rupert (Lair:4)
  4 liches
  4 tentacled monstrosities
  2 deep elf master archers (Elf:3)
  2 quicksilver dragons
  5 titans
  A deep elf blademaster (Elf:3)
  A kraken (Shoals:2)
  2 ancient champions
  An Executioner (Abyss:2)
  3 storm dragons
  16 sphinxes
  9 tengu reavers
  The ghost of Jopnatru the Warrior, an adept FoFi of Hepliaklqana (Shoals:3)
  5 shadow dragons
  Agnes (D:14)
  7 revenants
  Ilsuiw (Shoals:3)
  6 frost giants
  3 orc warlords
  An iron dragon (shapeshifter) (Vaults:4)
  16 vault wardens
  2 fire giants
  6 deep elf sorcerers
  A draconian scorcher (Depths:2)
  Louise (Shoals:1)
  2 curse skulls
  3 deep elf elementalists
  A balrug (Depths:1)
  6 ghouls
  12 stone giants
  12 ironheart preservers
  23 very ugly things
  7 deep elf demonologists
  13 vampire knights
  6 war gargoyles
  2 entropy weavers
  10 deep elf annihilators
  18 mummy priests
  8 deep elf death magi
  6 eidola
  10 merfolk javelineers
  11 merfolk impalers
  2 fire dragons
  A blizzard demon (Abyss:2)
  Josephine (Lair:5)
  6 great orbs of eyes
  14 ettins
  5 deep elf high priests
  5 jiangshi
  7 ice dragons
  16 yaktaur captains
  40 vault guards
  8 hydras
  2 rakshasas
  A catoblepas (Lair:3)
  2 merfolk avatars
  An anaconda (shapeshifter) (Vaults:5)
  A death knight (Vaults:5)
  4 spriggan air magi (Depths:2)
  10 ogre magi
  7 merfolk aquamancers
  12 centaur warriors
  44 death scarabs
  19 dancing weapons
  27 two-headed ogres
  3 satyrs
  4 deep troll earth magi
  11 vampire magi
  The ghost of Setanta the Nimble, a novice GnGl of Gozag (D:8)
  2 alligator snapping turtles
  Urug (D:13)
  A deep troll shaman (Depths:1)
  15 deep elf knights
  4 orc high priests
  4 thrashing horrors
  4 tengu warriors
  9 hell knights (Crypt:3)
  A storm dragon zombie (Crypt:1)
  A soul eater (Crypt:1)
  A wretched star (Abyss:2)
  6 shadow wraiths
  A spriggan berserker (Depths:2)
  2 iron trolls (Depths:2)
  A fire crab (shapeshifter) (Vaults:3)
  21 deep trolls
  A storm dragon skeleton (Crypt:3)
  26 skeletal warriors
  8 flayed ghosts
  11 sea snakes
  2 unseen horrors (D:14)
  8 wizards
  22 phantasmal warriors
  12 deep elf archers
  2 glowing orange brains
  A deep troll (shapeshifter) (Vaults:5)
  11 ironbrand convokers
  An anaconda zombie (Tomb:1)
  15 orc knights
  An orb spider (Abyss:3)
  A lindwurm (Lair:6)
  13 harpies
  An orb spider (shapeshifter) (Vaults:4)
  A necromancer (D:15)
  4 wolf spiders
  11 orc sorcerers
  64 deep elf magi
  2 tengu skeletons (Vaults:3)
  15 manticores
  16 fauns
  An oklob plant (Lair:4)
  9 cyclopes
  A sphinx skeleton (Vaults:3)
  9 elephants
  A worldbinder (Abyss:2)
  40 ugly things
  9 merfolk sirens
  A guardian serpent (Lair:6)
  2 human skeletons (Vaults:3)
  2 fire giant skeletons (Vaults:3)
  3 frost giant skeletons
  Maurice (D:8)
  Joseph (D:7)
  An apocalypse crab (Abyss:3)
  8 water nymphs
  14 black mambas
  5 smoke demons
  15 vault sentinels
  A guardian serpent (shapeshifter) (Vaults:4)
  7 gargoyles
  6 torpor snails (Lair:6)
  11 spiny frogs
  A kobold demonologist (Abyss:2)
  59 yaktaurs
  An efreet (D:14)
  3 hellwings
  2 dire elephant skeletons
  A rime drake (Lair:5)
  A redback zombie (D:14)
  2 elves (Depths:2)
  19 guardian mummies
  8 komodo dragons
  5 freezing wraiths
  A meliai (shapeshifter) (Vaults:3)
  A sea snake skeleton (Crypt:1)
  An ancient zyme (Abyss:3)
  6 red devils
  2 tengu conjurers
  A jumping spider (shapeshifter) (Vaults:3)
  A black draconian skeleton (Crypt:2)
  7 trolls
  3 wind drakes
  32 merfolk
  2 wind drakes (shapeshifter)
  A blink frog (Lair:1)
  2 bog bodies (Crypt:2)
  A sphinx simulacrum (Vaults:3)
  12 hornets
  4 tyrant leeches (Lair:6)
  8 slime creatures
  7 snapping turtles
  A death drake skeleton (Crypt:2)
  6 raiju
  A hippogriff (shapeshifter) (Vaults:1)
  8 hippogriffs
  Sigmund (D:3)
  A redback (shapeshifter) (D:12)
  2 ettin skeletons
  4 vampires
  13 shadows
  4 redbacks (Vaults:2)
  A human (Depths:2)
  12 wyverns
  13 wraiths
  38 yaks
  A wind drake zombie (Crypt:2)
  14 water elementals
  9 ushabtiu
  2 air elementals (Elf:1)
  2 ynoxinuls (Abyss:2)
  A fire bat (Abyss:2)
  A chaos spawn (Abyss:3)
  3 hungry ghosts
  A basilisk (D:15)
  2 fire elementals
  A hog (shapeshifter) (Vaults:1)
  A neqoxec (Abyss:2)
  A steam dragon (D:11)
  3 vampire mosquitoes (D:12)
  A black mamba skeleton (Crypt:3)
  A soldier ant (D:13)
  7 wargs
  An insubstantial wisp (Abyss:2)
  3 nagas (Lair:4)
  A hell hound (Abyss:3)
  A naga (shapeshifter) (Vaults:1)
  2 acid dragons
  4 swamp worms (Lair:5)
  18 water moccasins
  7 porcupines
  7 large abominations
  14 small abominations
  2 black bears
  57 orc warriors
  An ettin simulacrum (Abyss:2)
  9 sky beasts
  An eye of draining (shapeshifter) (Vaults:1)
  2 phantoms
  An ice beast (D:11)
  26 ogres
  5 boggarts
  2 necrophages
  2 elf skeletons (Vaults:3)
  9 wolves
  A snapping turtle skeleton (Crypt:3)
  17 centaurs
  6 crocodiles
  3 big kobolds
  11 bullfrogs
  A wyvern zombie (D:8)
  4 earth elementals
  4 scorpions
  A yak zombie (Crypt:2)
  A water moccasin zombie (D:10)
  19 killer bees
  A warg skeleton (Crypt:1)
  7 howler monkeys
  19 wights
  9 electric eels
  9 crimson imps
  A lava snake (D:14)
  A bullfrog zombie (D:11)
  4 hounds
  A quasit (Abyss:2)
  37 orc wizards
  3 centaur zombies
  2 bullfrog skeletons
  An iron imp (Abyss:2)
  7 jellies
  35 orc priests
  A black bear skeleton (Crypt:1)
  7 centaur skeletons
  2 iguanas (D:7)
  Natasha (thrice) (D:2)
  Terence (D:3)
  A hell rat (Lair:1)
  Ijyb (D:3)
  13 worker ants
  2 spectral hounds (Depths:2)
  3 hound zombies
  2 worker ant zombies
  22 mummies
  A howler monkey skeleton (D:6)
  A howler monkey zombie (Crypt:2)
  8 river rats (Lair:1)
  12 adders
  11 gnolls
  A shadow imp (D:8)
  A white imp (D:9)
  An adder zombie (D:8)
  3 worms
  A dart slug (D:4)
  4 leopard geckos
  122 orcs
  6 giant cockroaches
  12 goblins
  9 hobgoblins
  3 jackals
  24 kobolds
  7 quokkas
  4 ball pythons
  7 bats
  6 frilled lizards
  A giant cockroach zombie (Crypt:2)
  A goblin (shapeshifter) (D:14)
  A goblin skeleton (D:9)
  A goblin zombie (Crypt:2)
  A hobgoblin zombie (D:9)
  2 jackal zombies
  A kobold skeleton (D:9)
  2 kobold zombies (D:9)
  An orc skeleton (D:9)
  4 orc zombies (D:9)
  15 rats
  3 crawling corpses
  3 pillars of salt (Vaults:3)
  3 plants
2057 creatures vanquished.

Vanquished Creatures (collateral kills)
  The ghost of Bailed the Peltast, a veteran MiMo of Qazlal (Vaults:3)
  2 deep elf blademasters
  A tentacled starspawn (Abyss:3)
  A sphinx (Vaults:2)
  A revenant (Crypt:1)
  A fire giant (D:12)
  A deep elf elementalist (Elf:3)
  2 ghouls
  A deep elf sorcerer (Elf:3)
  An ironheart preserver (Vaults:2)
  3 vampire knights
  A deep elf demonologist (Elf:3)
  2 deep elf death magi (Vaults:3)
  2 death scarabs (Tomb:1)
  An orc high priest (Orc:2)
  5 thrashing horrors
  A deep elf knight (Elf:3)
  3 skeletal warriors (Crypt:2)
  A deep troll (Depths:1)
  A flayed ghost (Crypt:3)
  2 phantasmal warriors
  2 orb spiders (Abyss:3)
  4 deep elf magi
  A merfolk siren (Shoals:2)
  2 yaktaurs (Depths:1)
  An efreet (D:15)
  A freezing wraith (Crypt:1)
  A jumping spider (shapeshifter) (D:15)
  A raiju (Abyss:3)
  A bog body (Crypt:1)
  A wraith (Crypt:1)
  A neqoxec (Abyss:3)
  A spatial vortex (Abyss:2)
  2 hell hounds (Abyss:3)
  2 orc warriors (Orc:2)
  A necrophage (Crypt:1)
  A blink frog zombie (Crypt:1)
  An ogre (Vaults:1)
  A manticore zombie (Crypt:2)
  4 small abominations
  3 earth elementals (Abyss:3)
  4 wights (Crypt:2)
  An orc priest (Orc:2)
  6 orc wizards
  A deep dwarf zombie (Crypt:1)
  12 orcs
  A macabre mass (Vaults:2)
  A starspawn tentacle (Abyss:3)
92 creatures vanquished.

Vanquished Creatures (others)
  An ironheart preserver (Vaults:5)
  A yaktaur captain (Vaults:5)
  An ugly thing (Vaults:3)
  A cyclops (Shoals:1)
  A faun (Shoals:2)
  A smoke demon (Crypt:3)
  3 yaktaurs
  3 ogres (Vaults:5)
  8 fungi
  15 plants
  A starspawn tentacle (Abyss:3)
  5 tentacles (Shoals:2)
41 creatures vanquished.

Grand Total: 2190 creatures vanquished

Notes
Turn   | Place    | Note
-------+----------+-------------------------------------------
     0 | D:1      | roguesci the Gargoyle Fighter began the quest for the Orb.
     0 | D:1      | Reached XP level 1. HP: 14/14 MP: 1/1
    95 | D:1      | Reached XP level 2. HP: 17/19 MP: 2/2
   790 | D:1      | Reached XP level 3. HP: 23/23 MP: 3/3
  1236 | D:2      | Found a sparkling altar of Nemelex Xobeh.
  1414 | D:2      | Noticed Natasha
  1435 | D:2      | Gained mutation: You have sharp fingernails. [potion of
                  | mutation]
  1435 | D:2      | Gained mutation: You are resistant to hostile enchantments.
                  | (MR+) [potion of mutation]
  1435 | D:2      | Gained mutation: Your large and strong wings let you fly
                  | indefinitely. [potion of mutation]
  1450 | D:2      | Killed Natasha
  1450 | D:2      | Reached XP level 4. HP: 26/29 MP: 4/4
  1864 | D:2      | Reached skill level 4 in Fighting
  1900 | D:2      | Noticed a black bear
  1910 | D:2      | Killed a black bear
  1910 | D:2      | Reached XP level 5. HP: 29/33 MP: 5/5
  2215 | D:2      | Noticed Natasha
  2223 | D:2      | Killed Natasha
  2223 | D:2      | Reached XP level 6. HP: 33/39 MP: 6/6
  2322 | D:2      | Noticed Natasha
  2327 | D:2      | Killed Natasha
  2395 | D:3      | Noticed Ijyb
  2948 | D:3      | Killed Ijyb
  3218 | D:3      | Noticed Terence
  3234 | D:3      | Killed Terence
  3398 | D:3      | Noticed Sigmund
  3476 | D:3      | Killed Sigmund
  3476 | D:3      | Reached skill level 5 in Maces & Flails
  3476 | D:3      | Reached XP level 7. HP: 35/44 MP: 7/7
  3586 | D:3      | Reached skill level 5 in Fighting
  3882 | D:4      | Reached skill level 5 in Armour
  3901 | D:4      | Reached skill level 5 in Shields
  4246 | D:4      | Found Larofaid's Food Emporium.
  4256 | D:4      | Noticed a moth of wrath
  4260 | D:4      | Found a staircase to the Ecumenical Temple.
  4280 | Temple   | Entered the Ecumenical Temple
  4835 | D:4      | Found an ornate altar of the Wu Jian Council.
  4860 | D:4      | Reached XP level 8. HP: 50/50 MP: 8/8
  5052 | D:4      | Found a bloodstained altar of Trog.
  5087 | D:4      | Became a worshipper of Trog the Wrathful
  5500 | D:5      | Entered Level 5 of the Dungeon
  5648 | D:5      | Found a basalt altar of Yredelemnul.
  5707 | D:5      | Found an iron altar of Okawaru.
  5869 | D:5      | Found a bloodstained altar of Trog.
  6609 | D:6      | Reached skill level 6 in Fighting
  6916 | D:6      | Found a glowing silver altar of Zin.
  7005 | D:6      | Reached XP level 9. HP: 56/56 MP: 9/9
  7056 | D:6      | Found a runed translucent door.
  7057 | D:6      | Noticed EmberCloud's ghost (novice DsBe)
  7294 | D:7      | Reached * piety under Trog
  7809 | D:7      | Noticed Joseph
  7833 | D:7      | Killed Joseph
  7833 | D:7      | Reached skill level 7 in Fighting
  8078 | D:7      | Reached ** piety under Trog
  8503 | D:8      | Found a runed translucent gate.
  8503 | D:8      | Found a runed translucent gate.
  8504 | D:8      | Found a runed translucent gate.
  8505 | D:8      | Noticed Setanta's ghost (novice GnGl)
  8547 | D:8      | Killed Setanta's ghost
  8547 | D:8      | Reached XP level 10. HP: 46/64 MP: 10/10
  8769 | D:8      | Reached skill level 8 in Fighting
  9203 | D:8      | Reached *** piety under Trog
  9368 | D:8      | Found a radiant altar of Vehumet.
  9618 | D:8      | Reached skill level 10 in Maces & Flails
  9640 | D:8      | Found a blossoming altar of Fedhas.
  9642 | D:8      | Found a snail-covered altar of Cheibriados.
  9863 | D:8      | Noticed a tengu warrior
  9864 | D:8      | Noticed a centaur warrior
  9890 | D:8      | Killed a tengu warrior
  9901 | D:8      | Killed a centaur warrior
  9901 | D:8      | Reached XP level 11. HP: 63/69 MP: 11/11
 10057 | D:8      | Got a warped silver ring
 10059 | D:8      | Identified the ring "Yzonoet" {*Tele Str-4 Int+5 SInv
                  | Stlth+} (You found it on level 8 of the Dungeon)
 10231 | D:9      | Found a glowing golden altar of the Shining One.
 10290 | D:9      | Noticed Maurice
 10298 | D:9      | Reached **** piety under Trog
 10303 | D:9      | Reached skill level 9 in Fighting
 10508 | D:8      | Killed Maurice
 11019 | D:9      | Found a sacrificial altar of Ru.
 11050 | D:9      | Found a shadowy altar of Dithmenos.
 11234 | D:9      | Found a hide-covered altar of Uskayaw.
 11236 | D:9      | Noticed a +0 hand axe
 11237 | D:9      | Noticed a +0 dagger
 11294 | D:10     | Entered Level 10 of the Dungeon
 11986 | D:10     | Found a staircase to the Orcish Mines.
 12494 | D:11     | Noticed a cyan ugly thing
 12497 | D:11     | Noticed a two-headed ogre
 12515 | D:11     | Killed a cyan ugly thing
 12521 | D:11     | Killed a two-headed ogre
 12676 | D:11     | Noticed a red ugly thing
 12690 | D:11     | Killed a red ugly thing
 12925 | D:11     | Found a staircase to the Lair.
 12929 | D:11     | Reached ***** piety under Trog
 13255 | D:11     | Noticed a manticore
 13268 | D:11     | Killed a manticore
 13345 | D:11     | Noticed a seven-headed hydra
 13359 | D:11     | Killed a seven-headed hydra
 13359 | D:11     | Reached skill level 10 in Fighting
 13359 | D:11     | Reached XP level 12. HP: 59/77 MP: 12/12
 13471 | D:11     | Reached skill level 10 in Armour
 13661 | D:12     | Reached skill level 10 in Shields
 14172 | D:12     | Noticed a two-headed ogre
 14183 | D:12     | Killed a two-headed ogre
 14703 | D:12     | Noticed a centaur warrior
 14710 | D:12     | Noticed a deep elf annihilator
 14724 | D:12     | Noticed an ettin
 14724 | D:12     | Noticed a fire giant
 14728 | D:12     | Killed a centaur warrior
 14737 | D:12     | Killed a deep elf annihilator
 15122 | D:12     | Killed a fire giant
 15122 | D:12     | Received a gift from Trog
 15499 | D:12     | Reached skill level 15 in Maces & Flails
 15536 | D:12     | Killed an ettin
 16258 | D:13     | Reached skill level 11 in Fighting
 16266 | D:13     | Reached XP level 13. HP: 84/84 MP: 13/13
 16415 | D:13     | Noticed Urug
 16431 | D:13     | Killed Urug
 16818 | D:14     | Noticed Agnes
 16844 | D:14     | Killed Agnes
 17162 | D:14     | Found a gate to the Vaults.
 17162 | D:14     | Noticed a vault guard
 17193 | D:14     | Killed a vault guard
 18692 | D:15     | Entered Level 15 of the Dungeon
 18868 | D:15     | Reached skill level 12 in Fighting
 19272 | D:15     | Mutation became permanent: Your large and strong wings let
                  | you fly indefinitely. [Gargoyle growth]
 19272 | D:15     | Gained mutation: Your large and strong wings let you fly
                  | indefinitely. [Gargoyle growth]
 19272 | D:15     | Reached XP level 14. HP: 89/92 MP: 14/14
 20127 | D:15     | Got an ancient ivory ring
 20745 | D:15     | Found a staircase to the Depths.
 21389 | Lair:1   | Entered Level 1 of the Lair of Beasts
 22184 | Lair:2   | Received a gift from Trog
 22252 | Lair:2   | Identified the ring "Ronn" {rC+ Dex+3 Stlth+} (You found it
                  | on level 15 of the Dungeon)
 22966 | Lair:2   | Found a glowing golden altar of the Shining One.
 24275 | Lair:4   | Found a staircase to the Shoals.
 24407 | Lair:4   | Found a staircase to the Snake Pit.
 24706 | Lair:4   | Reached skill level 13 in Fighting
 24914 | Lair:4   | Noticed Rupert
 24927 | Lair:4   | Killed Rupert
 25693 | Lair:5   | Got a steaming ivory ring
 25695 | Lair:5   | Identified the ring of Sawah {*Drain rElec MR+ Str-3 Dex+8}
                  | (You found it on level 5 of the Lair of Beasts)
 25982 | Lair:5   | Reached XP level 15. HP: 98/98 MP: 15/15
 26126 | Lair:5   | Noticed Josephine
 26154 | Lair:5   | Killed Josephine
 26810 | Lair:5   | Found a staircase to the Slime Pits.
 27269 | Lair:6   | Entered Level 6 of the Lair of Beasts
 28468 | Lair:6   | Found a runed translucent door.
 30413 | Lair:6   | Reached skill level 14 in Fighting
 30857 | Lair:6   | Identified a scroll of acquirement
 31453 | Orc:1    | Entered Level 1 of the Orcish Mines
 31909 | Orc:1    | Found Gos Rirph's Weapon Shoppe.
 32679 | Orc:2    | Entered Level 2 of the Orcish Mines
 32826 | Orc:2    | Found Jacko's Assorted Antiques.
 32873 | Orc:2    | Reached XP level 16. HP: 90/107 MP: 5/16
 33053 | Orc:2    | Bought a pair of glowing gloves for 262 gold pieces
 33053 | Orc:2    | Bought a scroll labeled YDUKIU JILAUXT for 35 gold pieces
 33116 | Orc:2    | Found a staircase to the Elven Halls.
 33186 | Orc:2    | Received a gift from Trog
 33997 | Orc:2    | Found Pufys's General Store.
 33998 | Orc:2    | Found Lousyply's Jewellery Emporium.
 33999 | Orc:2    | Found Rucrean's Antique Armour Shoppe.
 33999 | Orc:2    | Found Mukhoax's Antique Weapon Shoppe.
 34003 | Orc:2    | Bought a pair of jewelled boots for 266 gold pieces
 34013 | Orc:2    | Identified the cursed +0 pair of boots of the Hanged Man
                  | {rC- Dex+6} (You bought it in a shop on level 2 of the
                  | Orcish Mines)
 34144 | Orc:2    | Bought a translucent falchion for 240 gold pieces
 34147 | Orc:2    | Identified the +10 falchion "Xinit" {speed, +Fly rN++ MR-
                  | Int+2} (You bought it in a shop on level 2 of the Orcish
                  | Mines)
 34316 | Elf:1    | Entered Level 1 of the Elven Halls
 34355 | Elf:1    | Found a radiant altar of Vehumet.
 34733 | Elf:1    | Received a gift from Trog
 34778 | Elf:1    | Reached skill level 15 in Fighting
 35457 | Elf:1    | Identified the Papyrus of Creative Arcane Weapons
 35949 | Elf:2    | Found a runed translucent gate.
 35949 | Elf:2    | Found a runed translucent gate.
 35951 | Elf:2    | Found a runed translucent gate.
 36982 | Elf:2    | Reached skill level 15 in Armour
 37019 | Elf:2    | Reached XP level 17. HP: 71/115 MP: 5/17
 37263 | Elf:2    | Reached skill level 16 in Fighting
 37346 | Elf:2    | Noticed a deep elf blademaster
 37362 | Elf:2    | Killed a deep elf blademaster
 37374 | Elf:2    | Received a gift from Trog
 37463 | Elf:2    | Got a fine long sword {god gift}
 37862 | Elf:2    | Identified the +4 long sword "Miablem" {drain, +Fly rF+}
                  | (Trog gifted it to you on level 2 of the Elven Halls)
 37923 | Elf:3    | Entered Level 3 of the Elven Halls
 38226 | Elf:3    | Identified the Compendium of Earthen Feathers
 39338 | Elf:3    | Gained mutation: You are weak. (Str -2) [a cacodemon]
 39395 | Elf:3    | Identified a ring of the Octopus King {Wiz AC+1 EV+1 Str+1
                  | Int+1 Dex+1}
 39395 | Elf:3    | Noticed a deep elf blademaster
 39406 | Elf:3    | Killed a deep elf blademaster
 39554 | Elf:3    | Lost mutation: You are weak. (Str -2) [potion of mutation]
 39554 | Elf:3    | Lost mutation: You are resistant to hostile enchantments.
                  | (MR+) [potion of mutation]
 39554 | Elf:3    | Gained mutation: Armour fits poorly on your strangely
                  | shaped body. [potion of mutation]
 39554 | Elf:3    | Gained mutation: Your magical capacity is low. (-10% MP)
                  | [potion of mutation]
 39554 | Elf:3    | Gained mutation: You possess an exceptional clarity of
                  | mind. [potion of mutation]
 39554 | Elf:3    | Gained mutation: You are agile. (Dex +2) [potion of
                  | mutation]
 39555 | Elf:3    | Lost mutation: Armour fits poorly on your strangely shaped
                  | body. [potion of mutation]
 39555 | Elf:3    | Lost mutation: You possess an exceptional clarity of mind.
                  | [potion of mutation]
 39555 | Elf:3    | Lost mutation: You are agile. (Dex +2) [potion of mutation]
 39555 | Elf:3    | Lost mutation: Your magical capacity is low. (-10% MP)
                  | [potion of mutation]
 39555 | Elf:3    | Gained mutation: You evolve. [potion of mutation]
 39555 | Elf:3    | Gained mutation: You expend magic power (3 MP) to
                  | strengthen your wands. [potion of mutation]
 39555 | Elf:3    | Gained mutation: You are partially covered in icy blue
                  | scales. (AC +2) [potion of mutation]
 39827 | Elf:3    | Identified the cursed +0 plate armour of Fashionability
                  | {+Blink MR+++ Str-2 Dex+3}
 39827 | Elf:3    | Noticed a deep elf master archer
 39897 | Elf:3    | Reached skill level 17 in Fighting
 39902 | Elf:3    | Noticed a Brimstone Fiend
 39930 | Elf:3    | Cast into level 3 of the Abyss (a deep elf sorcerer)
 39947 | Abyss:3  | Noticed a tentacled starspawn
 40130 | Abyss:3  | Found a corrupted altar of Lugonu.
 40141 | Abyss:3  | Gained mutation: You are dopey. (Int -2) [a neqoxec]
 40294 | Abyss:3  | Found a corrupted altar of Lugonu.
 40569 | Abyss:3  | Noticed a tentacled starspawn
 40584 | Abyss:3  | Noticed a tentacled starspawn
 40684 | Abyss:3  | Got a smoking rapier
 40836 | Abyss:3  | Noticed a tentacled starspawn
 40841 | Abyss:3  | Killed a tentacled starspawn
 40843 | Abyss:3  | Noticed an ancient lich
 40847 | Elf:3    | Escaped the Abyss
 41124 | Elf:3    | Killed a deep elf master archer
 41150 | Elf:3    | Identified the +10 great sword of Hubris {pain, Str+5
                  | Int-4}
 41150 | Elf:3    | Identified the ring of Virtue {Ice Dex+2}
 41160 | Elf:3    | Noticed a Hell Sentinel
 41296 | Elf:3    | Identified the +8 rapier "Demonslayer" {vamp, *Contam Int+4
                  | Dex+3} (You found it on level 3 of the Abyss)
 41674 | Elf:3    | Reached XP level 18. HP: 120/124 MP: 6/18
 41776 | Elf:3    | Reached skill level 1 in Long Blades
 41792 | Elf:3    | Noticed a deep elf blademaster
 41795 | Elf:3    | Noticed a deep elf master archer
 41824 | Elf:3    | Killed a deep elf blademaster
 41835 | Elf:3    | Killed a ghostly deep elf blademaster
 41914 | Elf:3    | Killed a deep elf master archer
 41958 | Elf:3    | Identified Egahamno's Incunabulum of Supportive Conjuration
 42284 | Orc:2    | Gained mutation: You rapidly evolve. [evolution]
 42284 | Orc:2    | Lost mutation: You rapidly evolve. [decline of evolution]
 42453 | D:14     | Upgraded the game from 0.24.0-35-gdb84b6a5db to
                  | 0.24.0-37-gcf1ca852f1
 42533 | Depths:1 | Entered Level 1 of the Depths
 42859 | Depths:1 | Noticed a lich
 43570 | Depths:1 | Reached skill level 15 in Shields
 43819 | Depths:1 | Reached skill level 5 in Long Blades
 43874 | Depths:1 | Reached skill level 18 in Fighting
 44355 | Depths:1 | Found a one-way gate leading to the halls of Pandemonium.
 44530 | Depths:1 | Reached XP level 19. HP: 125/130 MP: 6/19
 44917 | Depths:1 | Found a gateway to Hell.
 45473 | Depths:1 | Gained mutation: You have a somewhat thin skeletal
                  | structure. (Dex +2, Stealth) [evolution]
 45483 | Depths:2 | Paralysed by a wizard for 7 turns
 46014 | Depths:2 | Found Ucomnoz's Distillery.
 46024 | Depths:2 | Bought a potion of haste for 120 gold pieces
 46024 | Depths:2 | Bought 2 potions of heal wounds for 120 gold pieces
 46024 | Depths:2 | Bought a potion of heal wounds for 60 gold pieces
 46024 | Depths:2 | Bought a potion of haste for 120 gold pieces
 47066 | Depths:2 | Found a radiant altar of Vehumet.
 47257 | Depths:2 | Paralysed by something for 2 turns
 47416 | Depths:2 | Reached skill level 19 in Fighting
 47629 | Depths:2 | Found Mekluten's Slaves and Accessories.
 47697 | Depths:2 | Found The Legendary Nywkung's Legendary Smithy.
 47825 | Depths:2 | Found Jack's Jerk-a-riffic Jerky.
 48031 | Depths:2 | Received a gift from Trog
 48046 | Depths:2 | Got a smoking long sword {god gift}
 48066 | Depths:2 | Found Kyadwabb's Miraculous Elixirs.
 48087 | Depths:2 | Bought 2 potions of mutation for 800 gold pieces
 48087 | Depths:2 | Bought a potion of mutation for 400 gold pieces
 48087 | Depths:2 | Bought a potion of mutation for 400 gold pieces
 48087 | Depths:2 | Bought a potion of mutation for 400 gold pieces
 48087 | Depths:2 | Bought 2 potions of mutation for 800 gold pieces
 48087 | Depths:2 | Bought a potion of mutation for 400 gold pieces
 48087 | Depths:2 | Bought a potion of mutation for 400 gold pieces
 48087 | Depths:2 | Bought a potion of mutation for 400 gold pieces
 48327 | Depths:2 | Lost mutation: You are partially covered in icy blue
                  | scales. (AC +2) [potion of mutation]
 48327 | Depths:2 | Gained mutation: Your spells are a little harder to cast,
                  | but a little more powerful. [potion of mutation]
 48327 | Depths:2 | Gained mutation: Your spells are harder to cast, but more
                  | powerful. [potion of mutation]
 48329 | Depths:2 | Lost mutation: You are dopey. (Int -2) [potion of mutation]
 48329 | Depths:2 | Lost mutation: You have a somewhat thin skeletal structure.
                  | (Dex +2, Stealth) [potion of mutation]
 48329 | Depths:2 | Gained mutation: Your muscles are strong. (Str +2) [potion
                  | of mutation]
 48329 | Depths:2 | Gained mutation: You rapidly evolve. [potion of mutation]
 48330 | Depths:2 | Lost mutation: Your spells are harder to cast, but more
                  | powerful. [potion of mutation]
 48330 | Depths:2 | Gained mutation: Your muscles are very strong. (Str +4)
                  | [potion of mutation]
 48330 | Depths:2 | Gained mutation: You are robust. (+10% HP) [potion of
                  | mutation]
 48648 | Shoals:1 | Entered Level 1 of the Shoals
 48896 | Shoals:1 | Identified the +7 long sword "Nitoxiff" {freeze, Int+4
                  | Stlth+} (Trog gifted it to you on level 2 of the Depths)
 48952 | Shoals:1 | Reached XP level 20. HP: 148/152 MP: 20/20
 49015 | Shoals:1 | Noticed Louise
 49043 | Shoals:1 | Killed Louise
 49480 | Shoals:2 | Identified a +2 pair of boots of running (You found it on
                  | level 2 of the Shoals)
 49811 | Shoals:2 | Lost mutation: You rapidly evolve. [decline of evolution]
 50011 | Shoals:2 | Received a gift from Trog
 51070 | Shoals:3 | Found a runed translucent door.
 51071 | Shoals:3 | Noticed Jopnatru's ghost (adept FoFi)
 51099 | Shoals:3 | Killed Jopnatru's ghost
 51099 | Shoals:3 | Reached skill level 20 in Fighting
 51189 | Shoals:3 | Noticed Ilsuiw
 51272 | Shoals:3 | Killed Ilsuiw
 51874 | Shoals:4 | Entered Level 4 of the Shoals
 51930 | Shoals:4 | Received a gift from Trog
 51946 | Shoals:4 | Got a bloodstained hand axe
 52080 | Shoals:4 | Got a polished quarterstaff
 52901 | Shoals:4 | Got a barnacled rune of Zot
 53230 | Vaults:1 | Entered Level 1 of the Vaults
 53392 | Vaults:1 | Reached XP level 21. HP: 161/161 MP: 21/21
 53549 | Vaults:1 | Received a gift from Trog
 53616 | Vaults:1 | Identified the +9 hand axe of the New World {chop, *Rage
                  | +Rage +Fly SInv} (You found it on level 4 of the Shoals)
 54182 | Vaults:1 | Received a gift from Trog
 54669 | Vaults:2 | Found a roughly hewn altar of Beogh.
 55015 | Vaults:2 | Found Fotz's Weapon Emporium.
 55253 | Vaults:2 | Found a shattered altar of Ashenzari.
 55301 | Vaults:2 | Cast into level 2 of the Abyss (a wizard)
 55412 | Abyss:2  | Reached skill level 21 in Fighting
 55462 | Abyss:2  | Received a gift from Trog
 55498 | Abyss:2  | Found a viscous altar of Jiyva.
 55637 | Vaults:2 | Escaped the Abyss
 56099 | Vaults:3 | Found Xanienlei's Antique Weapon Shoppe.
 56130 | Vaults:3 | Bought a fine flail for 289 gold pieces
 56132 | Vaults:3 | Identified the +6 flail of the Beginning {vamp, *Slow rPois
                  | Dex+4} (You bought it in a shop on level 3 of the Vaults)
 56198 | Vaults:3 | Reached ****** piety under Trog
 56281 | Vaults:3 | Received a gift from Trog
 56426 | Vaults:3 | Reached XP level 22. HP: 148/170 MP: 22/22
 56614 | Vaults:3 | Found a large runed translucent door.
 56614 | Vaults:3 | Found a large runed translucent door.
 56614 | Vaults:3 | Noticed Bailed's ghost (veteran MiMo)
 57039 | Vaults:3 | Received a gift from Trog
 57086 | Vaults:3 | Found a ruined gateway.
 57352 | Vaults:3 | Found a staircase to the Crypt.
 57482 | Vaults:3 | Killed Bailed's ghost
 57839 | Vaults:4 | Received a gift from Trog
 57864 | Vaults:4 | Found a portal to a secret trove of treasure.
 58436 | Vaults:4 | Paralysed by a sphinx for 4 turns
 58488 | Vaults:4 | Found Boestied's Antique Weapon Emporium.
 58812 | Vaults:4 | Reached skill level 22 in Fighting
 58836 | Vaults:4 | Reached XP level 23. HP: 178/178 MP: 23/23
 58996 | Vaults:5 | Entered Level 5 of the Vaults
 59040 | Vaults:5 | Received a gift from Trog
 59363 | Vaults:5 | Received a gift from Trog
 59438 | Vaults:5 | Noticed an ancient lich
 59472 | Vaults:5 | Killed an ancient lich
 59739 | Vaults:4 | Reached XP level 24. HP: 134/187 MP: 23/23
 60478 | Vaults:5 | Identified the Catalogue of the Freezing Mountains
 60625 | Vaults:5 | Identified Nunac's Papyrus of Envenoming and the Frostbite
 60649 | Vaults:5 | Identified Plog's Tome of Stolen Souls and Lightness
 60895 | Vaults:5 | Lost mutation: Your spells are a little harder to cast, but
                  | a little more powerful. [evolution]
 60977 | Vaults:5 | Got a silver rune of Zot
 61031 | Vaults:5 | Reached skill level 23 in Fighting
 61040 | Vaults:5 | Received a gift from Trog
 61384 | Vaults:5 | Found Runoulie's Armour Boutique.
 61404 | Vaults:5 | Identified Wisari's Disquisition on the Shifting Voyage
 61412 | Vaults:5 | Identified the cursed +1 plate armour of the Wheelwright
                  | {+Inv rElec Str-4 Int+4} (You found it on level 5 of the
                  | Vaults)
 61794 | Crypt:1  | Entered Level 1 of the Crypt
 61816 | Crypt:1  | Paralysed by a vampire knight for 3 turns
 61899 | Crypt:1  | Paralysed by a vampire knight for 3 turns
 61919 | Crypt:1  | Paralysed by fainting for 8 turns
 61984 | Crypt:1  | Found the +12 Vampire's Tooth {vamp}
 62113 | Crypt:1  | Received a gift from Trog
 63102 | Crypt:2  | Paralysed by a vampire knight for 2 turns
 63512 | Crypt:2  | Reached XP level 25. HP: 155/193 MP: 23/23
 63832 | Crypt:3  | Entered Level 3 of the Crypt
 63895 | Crypt:3  | Found the ring of Shadows {Umbra +Inv Stlth+}
 63899 | Crypt:3  | Noticed Xtahua
 63924 | Crypt:3  | Killed Xtahua
 63991 | Crypt:3  | Gained mutation: You rapidly evolve. [evolution]
 64218 | Crypt:3  | Identified the +5 trident of Inquiry {venom, rN+} (You
                  | found it on level 3 of the Crypt)
 64357 | Crypt:3  | Got a transparent silver ring
 64358 | Crypt:3  | Identified the ring of Cowardice {rElec rN+ Int+3} (You
                  | found it on level 3 of the Crypt)
 64363 | Crypt:3  | Identified the ring "Kietiy Ziuf" {+Blink rN+ Str+4} (You
                  | found it on level 3 of the Crypt)
 64364 | Crypt:3  | Identified the ring "Xane" {rN+ Dex+3} (You found it on
                  | level 3 of the Crypt)
 64780 | Crypt:3  | Noticed an ancient lich
 64791 | Crypt:3  | Killed an ancient lich
 64908 | Crypt:3  | Found a staircase to the Tomb.
 65165 | Crypt:3  | Noticed an ancient lich
 65176 | Crypt:3  | Killed an ancient lich
 65363 | Crypt:3  | Reached skill level 24 in Fighting
 65370 | Crypt:3  | Received a gift from Trog
 65551 | Crypt:3  | Identified the Tome of Stolen Souls
 65907 | Tomb:1   | Entered Level 1 of the Tomb of the Ancients
 65921 | Tomb:1   | Noticed Frederick
 65941 | Tomb:1   | Killed Frederick
 66343 | Tomb:1   | Identified the cursed -3 large shield of Entitlement {rF+
                  | rN+ Int+2}
 66343 | Tomb:1   | Noticed Mennas
 66408 | Tomb:1   | Killed Mennas
 66453 | Tomb:1   | Got a warped golden amulet
 66454 | Tomb:1   | Identified the amulet of the Empire {Reflect rPois rC- MR++
                  | Int+3 SH+2} (You acquired it on level 1 of the Tomb of the
                  | Ancients)
 66658 | Tomb:1   | Noticed a greater mummy
 66670 | Tomb:1   | Killed a greater mummy
 68927 | Tomb:1   | Noticed a greater mummy
 69497 | Tomb:1   | Killed a greater mummy
 69497 | Tomb:1   | Reached XP level 26. HP: 190/204 MP: 23/23
 69618 | Tomb:1   | Noticed a greater mummy
 69671 | Tomb:1   | Killed a greater mummy
 70125 | Tomb:2   | Noticed a greater mummy
 70125 | Tomb:2   | Noticed a greater mummy
 70126 | Tomb:2   | Noticed a greater mummy
 70736 | Tomb:3   | Entered Level 3 of the Tomb of the Ancients
 70800 | Tomb:3   | HP: 1/306 [something (17)]
 70800 | Tomb:3   | Killed by a guardian mummy's death curse

Levels and vault maps discovered:
D:1:      scummos_arrival_hexagon, layout_loops_cross, item_on_display_a
D:2:      layout_loops_cross, lemuel_doored_altar, uniq_natasha
D:3:      layout_loops_cross, first_ration, uniq_sigmund, uniq_ijyb,
          uniq_terence
D:4:      layout_cave_pods, nicolae_overflow_crystal_walls, tgw_trog,
          minmay_temple_entry_wispy, serial_shops, shop
D:5:      layout_gridville, yredelemnul_altar_generic, okawaru_gym_becter,
          grunt_ministairs_9, trog_butcher_becter
D:6:      layout_loops_corners, kennysheep_little_box, gammafunk_ghost_grave,
          serial_glass, glass_columns_b, glass_columns_a, glass_columns_b,
          glass_columns_a, glass_columns_b
D:7:      layout_basic, minmay_joined_circles, uniq_joseph
D:8:      minmay_the_grid_octo_triangle [minmay_the_grid_octo_concentric,
          minmay_the_grid_octo_prize_single_spiral, minmay_the_grid_octo_chip],
          layout_loops_ring, kennysheep_mini, nicolae_overflow_hidden_temple,
          ebering_ghost_rock_garden, david_nohive_1, minmay_door_square,
          minmay_crystal_water
D:9:      layout_cave_pools, nicolae_tso_besieged_by_evil,
          dancing_weapons_uskayaw, nicolae_ru_path_of_blood,
          grunt_dithmenos_smoke, uniq_maurice
D:10:     layout_big_octagon, hiddenorc1_lemuel, nicolae_benzene_ring,
          kennysheep_doodads
D:11:     layout_irregular_city, erik_lair_orcish_takeover
D:12:     cross_vault, layout_cave_pools
D:13:     layout_cave_pools, uniq_urug
D:14:     layout_long_grid, david_vaults_5, kennysheep_cluttered_room,
          uniq_agnes
D:15:     grunt_enter_depths_magical_seal, layout_basic,
          portal_ice_cave_entry_pillars_1, hangedman_decor_points,
          abandoned_shop, kennysheep_inner_square
Temple:   jpeg_temple_alley_garden
Lair:1:   layout_hall_layers, kennysheep_abandoned_house
Lair:2:   layout_cave_pods, basic_altar
Lair:3:   layout_cave_pods, minivault_27
Lair:4:   layout_cave_pods, elwin_shoals_entry_stream,
          minmay_snake_entry_guardpost_small, wad_woods_road_04,
          grunt_megastairs_5, serial_bayou_shore_b, lemuel_fruit_fields,
          uniq_rupert
Lair:5:   layout_gridlike, minmay_slime_entry_oklob_enclosed,
          nicolae_volcano_entry_s_turn, chequers_serial_rivers_micro_e,
          worms_lemuel, uniq_josephine
Lair:6:   wormcave, layout_gridlike, hangedman_lair_tendril_chambers
Shoals:1: layout_shoals, st_cyclops, uniq_louise
Shoals:2: layout_shoals
Shoals:3: layout_shoals, ebering_ghost_inner_flame, uniq_ilsuiw
Shoals:4: shoals_end_simple, layout_shoals
Orc:1:    layout_caves, serial_shops, shop
Orc:2:    st_orc_congregation, layout_diamond_mine, serial_shops,
          nicolae_shop_stone
Elf:1:    eino_elf_arrival_altar, layout_rooms, minmay_elf_sorcery
Elf:2:    layout_geoelf_octagon, laboratory
Elf:3:    elf_hall_gauntlet_wide, layout_geoelf_castle
Vaults:1: nicolae_vaults_little_squares_1, ontoclasm_vaults_eye,
          vaults_dpeg_diagonal, v_misc_2, vaults_standard_mumra_lines,
          nicolae_vaults_mini_display_case, nicolae_vaults_specimen_jars,
          v_misc_27, layout_vaults_omnigrid
Vaults:2: ontoclasm_vaults_idyll, v_misc_11, nicolae_vaults_little_ls,
          nicolae_vaults_ring_of_whatevers, nicolae_vaults_shelves_hall,
          special_room_vaults [special_room_orc],
          nicolae_vaults_diagonal_hallway_8, vaults_room_ringed_pool,
          vaults_room_grid, v_misc_27, ontoclasm_vaults_loading_screen,
          layout_vaults_omnibox, basic_altar, serial_shops, shop
Vaults:3: ebering_vaults_ghost_disaster_area,
          nicolae_vaults_windows_and_doors_thing,
          minmay_crypt_entry_skeletal_spiral, v_misc_8,
          nicolae_vaults_little_squares_2, hangedman_vaults_stagger,
          vaults_room_fancy_cross, nicolae_vaults_display_case,
          hangedman_vaults_trim, vaults_mumra_lcd, vaults_dpeg_encased_lava,
          layout_vaults_maze_snakey, portal_desolation_entry_garden,
          serial_shops, shop
Vaults:4: nicolae_vaults_big_ls, ontoclasm_vaults_echo, vaults_room_hallway,
          vaults_mumra_minichess, dpeg_vaults_monster_box,
          nicolae_vaults_ring_of_whatevers, nicolae_vaults_diagonal_hallway_8,
          grunt_vaults_focal, vaults_room_door_ring, hangedman_vaults_trim,
          ontoclasm_vaults_spin, v_misc_12, layout_vaults_big_cross,
          nicolae_trove_entry_diagonal, serial_shops, nicolae_shop_crystal
Vaults:5
Crypt:1:  layout_regular_city, minmay_guarded_unrand_vampires_tooth
Crypt:2:  layout_chaotic_city, mu_enter_wizlab_3, grunt_megastairs_3
Crypt:3:  quadcrypt_mu, uniq_xtahua
Tomb:1:   uniq_mennas, uniq_frederick
Tomb:2
Tomb:3
Depths:1: layout_basic, minmay_misc_feat_pillars, pan_entry, hellmouth_1,
          feat_on_display
Depths:2: grated_community_mu [grated_community_mu_vampire_home,
          grated_community_mu_giant_home, grated_community_mu_spellcaster_home,
          grated_community_mu_orcish_home, grated_community_mu_troll_home,
          grated_community_mu_taur_home, grated_community_mu_unbuilt_plot],
          layout_gridlike, grunt_pan_entry_spiral, hell_entry,
          small_statue_intersection, serial_shops,
          nicolae_shop_competitors_out_of_business,
          infiniplex_staircase_squiggle

Skill      XL: |  1  2  3  4  5  6  7  8  9 10 11 12 13 14 15 16 17 18 19 20 21 22 23 24 25 |
---------------+----------------------------------------------------------------------------+-----
Maces & Flails | 3 4 5 7 9 11 13 15 17 18 19 20 21 22 23 | 23.9
Fighting       | 4 5 6 7 8 10 11 12 13 14 15 17 18 19 20 21 22 23 24 | 24.6
Armour         | 4 5 6 7 8 9 11 12 13 14 15 16 18 19 20 21 22 23 | 23.8
Shields        | 4 5 6 7 8 9 11 12 13 14 15 16 17 18 19 | 19.5
Long Blades    | 7 8 |  8.2

Action                   |  1- 3 |  4- 6 |  7- 9 | 10-12 | 13-15 | 16-18 | 19-21 | 22-24 | 25-27 || total
-------------------------+-------+-------+-------+-------+-------+-------+-------+-------+-------++-------
Melee: Flail             |   158 |   267 |   655 |  1225 |   235 |  2232 |    56 |       |       ||  4828
       Whip              |       |       |       |    35 |  2620 |       |       |       |       ||  2655
       Demon whip        |       |       |       |       |       |       |  2085 |  1637 |   803 ||  4525
Invok: Berserk           |       |       |     1 |    12 |    24 |     6 |     4 |     4 |     5 ||    56
       Trog's Hand       |       |       |       |     2 |    19 |    25 |    21 |    12 |    15 ||    94
       Brothers in Arms  |       |       |       |     1 |     3 |    16 |     7 |    10 |     9 ||    46
 Abil: Fly               |       |       |       |       |       |       |     1 |     1 |       ||     2
       Stop Flying       |       |       |       |       |       |       |     1 |       |       ||     1
       Evoke Blink       |       |       |       |       |       |       |       |       |     1 ||     1
Evoke: Wand              |       |     5 |       |       |     6 |     8 |     2 |       |       ||    21
  Use: Potion            |     5 |     2 |     6 |     7 |    11 |    10 |     5 |     9 |    13 ||    68
       Scroll            |       |     9 |     8 |     8 |     9 |    29 |    16 |     8 |    19 ||   106
 Stab: Invisible         |       |       |       |       |    15 |       |       |       |       ||    15
       Distracted        |       |       |       |       |       |     3 |     2 |     2 |       ||     7
       Confused          |       |       |       |       |       |       |       |     1 |       ||     1
  Eat: Chunk             |     2 |     3 |    17 |    19 |    32 |    17 |    14 |     4 |     2 ||   110
       Ration            |       |     1 |       |     8 |    16 |    13 |    13 |    10 |    12 ||    73
Armor: Scale mail        |    76 |    36 |       |       |       |       |       |       |       ||   112
       Plate armour      |       |   134 |   390 |   609 |   957 |    84 |       |       |       ||  2174
       Gold dragon scale |       |       |       |       |       |   917 |  1268 |  1607 |   637 ||  4429
Dodge: Dodged            |    54 |    47 |   135 |   386 |   685 |   344 |   371 |   429 |   268 ||  2719
       Deflected         |       |       |     5 |     2 |     8 |    46 |    80 |    35 |     4 ||   180
Block: Shield            |    64 |   132 |   323 |   710 |  1259 |  1036 |   221 |       |       ||  3745
       Buckler           |       |       |       |       |       |       |   789 |   810 |   470 ||  2069
       Reflection        |       |       |       |       |       |       |    94 |    54 |     9 ||   157
